 Dungeon Crawl Stone Soup version 0.24.0-10-g970556be89 (console) character file.

Game seed: 9476864569520898581, levelgen mode: deterministic

114 AlterAsc the Digger (level 4, 22/24 HPs)
             Began as a Gargoyle Earth Elementalist on Nov 4, 2019.
             Quit the game on level 3 of the Dungeon.
             The game lasted 00:09:11 (3105 turns).

AlterAsc the Digger (Gargoyle Earth Elementalist)   Turns: 3105, Time: 00:09:12

Health: 22/24      AC:  5    Str: 11    XL:     4   Next: 98%
Magic:  8/8        EV: 12    Int: 17    God:
Gold:   71         SH:  0    Dex: 10    Spells: 5/9 levels left

rFire    . . .     SeeInvis .   h - +0 club
rCold    . . .     Gourm    .   (no shield)
rNeg     + . .     Faith    .   c - +0 robe
rPois    ∞         Spirit   .   (no helmet)
rElec    +         Reflect  .   (no cloak)
rCorr    .         Harm     .   (no gloves)
MR       .....                  (no boots)
Stlth    ++........             (no amulet)
HPRegen  0.08/turn              (no ring)
MPRegen  0.11/turn              (no ring)

@: no status effects
A: negative energy resistance 1, electricity resistance, unbreathing,
petrification resistance, rot immunity, AC +3
a: no special abilities


You were on level 3 of the Dungeon.
You were not hungry.

You visited 1 branch of the dungeon, and saw 4 of its levels.

You collected 71 gold pieces.

Inventory:

Hand Weapons
 h - a +0 club (weapon)
Missiles
 b - 25 stones (quivered)
 f - 69 arrows
Armour
 c - a +0 robe (worn)
 m - a +0 ring mail
Wands
 s - a wand of random effects (12)
Scrolls
 e - a scroll of amnesia {unknown}
 i - a scroll of immolation {unknown}
 k - 4 scrolls of identify {unknown}
 o - a scroll of fear {unknown}
 q - a scroll of random uselessness {unknown}
Potions
 a - a potion of degeneration {unknown}
 g - a potion of invisibility {unknown}
 j - a potion of might {unknown}
 l - a potion of lignification {unknown}
 n - a potion of brilliance {unknown}
 p - a potion of cancellation {unknown}
 r - 4 potions of curing {unknown}
Comestibles
 d - 5 rations
 t - 4 chunks of flesh


   Skills:
 - Level 1.6 Dodging
 - Level 2.3 Stealth
 + Level 3.2 Spellcasting
 * Level 1.7 Conjurations
   Level 0.7 Transmutations
 + Level 5.0 Earth Magic


You had 5 spell levels left.
You knew the following spells:

 Your Spells              Type           Power        Failure   Level  Hunger
a - Sandblast             Erth           ###...       2%          1    None
b - Stone Arrow           Conj/Erth      ##....       13%         3    ###....

Your spell library contained the following spells:

 Spells                   Type           Power        Failure   Level  Hunger
 Passwall                 Tmut/Erth      ##......     8%          2    ##.....
 Confusing Touch          Hex            #.....       17%         1    None
 Confuse                  Hex            #.......     45%         3    ###....
 Gell's Gravitas          Tloc           #.........   45%         3    ###....
 Petrify                  Tmut/Erth      ##......     45%         4    ####...
 Lee's Rapid Deconstruct  Erth           ###.......   52%         5    ######.
 Metabolic Englaciation   Hex/Ice        #.........   99%         5    ######.
 Yara's Violent Unravell  Hex/Tmut       #.........   99%         5    ######.


Dungeon Overview and Level Annotations

Branches:
Dungeon (4/15)
 Temple: D:4-7

Altars:
Dithmenos


Innate Abilities, Weirdness & Mutations

You are resistant to torment.
Your stone body is resilient. (AC +3)
You are immune to poison.
You resist negative energy. (rN+)
You are resistant to electric shocks. (rElec)
You can survive without breathing.
You are immune to petrification.
You are immune to rotting.


Message History

An orc is nearby!
The orc shouts!
Found a shadowy altar of Dithmenos.
Casting: Sandblast (safe; 2% risk of failure)
Confirm with . or Enter, or press ? or * to list all spells.
Aiming: Sandblast (safe; 2% risk of failure)
Press: ? - help, Shift-Dir - straight line, f - orc
Aim: an orc, wielding a +0 short sword The blast of sand hits the orc!
You kill the orc!
Your Earth Magic skill increases to level 5!
b - 25 stones You see here a +0 short sword.
There isn't anything to butcher here.
Press: ? - help, v - describe, . - travel A shadowy altar of Dithmenos.
Magic restored.
There is a shadowy altar of Dithmenos here.
Found a stone staircase leading up.
Are you sure you want to abandon this character and quit the game? (Confirm with "yes".)

.....#÷÷.>.....[.
##.#......#######
..........# ######......
.....#..#.###
.....#.##.####
.....#.##....# .
.....#.#...#.#######....
.....# #...._...@......<
.....# #...#.###########
.....' ####...# .....#
#...# ######.# #...#
.......# #...#
..#########...#
............).#
###########.........


There were no monsters in sight!

Vanquished Creatures
  Ijyb (D:2)
  2 adders (D:2)
  A worm (D:2)
  3 dart slugs
  3 leopard geckos (D:1)
  An orc (D:3)
  6 bats
  3 giant cockroaches
  6 goblins
  7 hobgoblins
  3 jackals (D:3)
  A quokka (D:2)
  5 frilled lizards
  8 kobolds
  10 rats
60 creatures vanquished.

Notes
Turn   | Place    | Note
-------+----------+-------------------------------------------
     0 | D:1      | AlterAsc the Gargoyle Earth Elementalist began the quest
                  | for the Orb.
     0 | D:1      | Reached XP level 1. HP: 10/10 MP: 3/3
   146 | D:1      | Reached XP level 2. HP: 3/15 MP: 3/5
   398 | D:1      | Reached skill level 4 in Earth Magic
   858 | D:1      | Reached XP level 3. HP: 7/19 MP: 4/6
   871 | D:1      | Learned a level 3 spell: Stone Arrow
  1762 | D:2      | Reached XP level 4. HP: 15/24 MP: 1/8
  2384 | D:2      | Reached skill level 1 in Conjurations
  2627 | D:3      | Noticed Ijyb
  2888 | D:2      | Killed Ijyb
  3089 | D:3      | Found a shadowy altar of Dithmenos.
  3090 | D:3      | Reached skill level 5 in Earth Magic
  3105 | D:3      | Quit the game

Levels and vault maps discovered:
D:1:      eino_arrival_druids_welcome, layout_basic
D:2:      layout_basic, first_ration, serial_park_tiny_1
D:3:      layout_basic, lemuel_doored_altar, lemuel_crystal_altar,
          portal_sewer_entry_b, gammafunk_ghost_smash, minivault_25, uniq_ijyb
D:4:      layout_rooms, kennysheep_little_box, lemuel_coloured_pillars_altar,
          minmay_mini_jars

Skill      XL: |  1  2  3  4 |
---------------+-------------+-----
Earth Magic    | 4 5 |  5.0
Spellcasting   | 3 |  3.2
Conjurations   | 1 |  1.7
Dodging        | |  1.6
Stealth        | |  2.3
Transmutations | |  0.7

Action                   |  1- 3 |  4- 6 || total
-------------------------+-------+-------++-------
Melee: Unarmed           |    42 |       ||    42
       Club              |    78 |    88 ||   166
 Cast: Sandblast         |    18 |    36 ||    54
       Stone Arrow       |     8 |    15 ||    23
 Stab: Sleeping          |     5 |       ||     5
  Eat: Chunk             |     4 |     6 ||    10
Armor: Robe              |    53 |    80 ||   133
Dodge: Dodged            |   115 |   132 ||   247
